AoeStats
← 笨狸特爱玩

Nomad

505190600Analyzed
4v4 RM · 25d ago on Sep 8, 2026· 24m 45s· 8 players
Game mode
Random Map
Map size
231×231
Population
200
Speed
Normal
Resources
Standard
Victory
Conquest
Starting age
Dark Age
Ending age
Imperial Age
RankedLock teamsTeams togetherTeam positionsShared explorationLock speedFull tech treeHidden civsTurbo modeCheats
Victory
Defeat
🇨🇳 Georgians · China
1431
+14
🇨🇳 Spanish · China
1363
+17
🇨🇳 Mongols · China
1357
+17
🇨🇳 Vietnamese · China
1333
+18
🇩🇪 Vietnamese · Germany
1455
-19
🇨🇳 Celts · China
1398
-17
🇨🇳 Spanish · China
1389
-17
🇺🇸 Magyars · United States
1296
-13
Weiwei
3:08 Loom
12:53 Feudal Age
17:27 Castle Age
16:33 Stone Mining
16:45 Double-Bit Axe
16:58 Horse Collar
18:48 Bow Saw
21:32 Heavy Plow
22:15 Wheelbarrow
21:45 Heavy Plow
22:45 Gold Mining
TwT
3:03 Loom
3:08 Loom
12:45 Feudal Age
18:37 Castle Age
18:59 Double-Bit Axe
19:31 Medium Warships
20:23 Fletching
25:23 Ballistics
XY
6:09 Loom
14:38 Feudal Age
20:19 Castle Age
18:14 Double-Bit Axe
18:18 Horse Collar
18:50 Stone Mining
21:22 Bow Saw
21:15 Heavy Plow
21:58 Wheelbarrow
22:40 Stone Shaft Mining
21:58 Gold Mining
23:55 Husbandry
24:08 Bloodlines
Stalin
13:50 Feudal Age
13:45 Loom
17:20 Castle Age
16:25 Double-Bit Axe
18:47 Bow Saw
18:30 Gold Mining
19:48 Fletching
19:58 Padded Archer Armor
23:20 Horse Collar
dashuaibi
6:10 Loom
14:30 Feudal Age
16:17 Forging
18:54 Double-Bit Axe
25:37 Castle Age
23:27 Fishing Lines
24:36 Horse Collar
297539664
4:55 Loom
5:44 Loom
13:51 Feudal Age
14:41 Double-Bit Axe
20:32 Castle Age
21:43 Bow Saw
25:54 Imperial Age
笨狸特爱玩
3:52 Loom
13:28 Feudal Age
17:08 Castle Age
15:53 Double-Bit Axe
Tsunade
7:47 Loom
14:21 Feudal Age
14:58 Town Watch
18:08 Castle Age
16:35 Double-Bit Axe
16:31 Horse Collar
16:42 Stone Mining
17:21 Fishing Lines
20:49 Wheelbarrow
Connection lost

Rejoining the realm…

Still unreachable

The connection could not be restored.

Session expired

The server has moved on; the page needs a fresh start.